 Dungeon Crawl Stone Soup version 0.30.1-9-gdf580d7c3d (webtiles) character file.

Game seed: 1855719799036143964

12411 boopmooplesden the Cruncher (level 11, -7/145 HPs)
             Began as a Minotaur Gladiator on Oct 19, 2023.
             Was an Elder of Trog.
             Mangled by an orc knight
             ... wielding a +0 glaive
              (22 damage)
             ... on level 10 of the Dungeon.
             The game lasted 00:17:08 (10382 turns).

boopmooplesden the Cruncher (Minotaur Gladiator)   Turns: 10382, Time: 00:17:09

Health: -7/145     AC: 13    Str: 22    XL:     11   Next: 62%
Magic:  10/10      EV: 11    Int:  5    God:    Trog [****..]
Gold:   311        SH:  0    Dex: 13    Spells: 10/10 levels left

rFire   . . .        a - +3 quarterstaff
rCold   . . .        (shield currently unavailable)
rNeg    . . .        h - +0 chain mail {Will+}
rPois   .            c - +1 hat
rElec   .            u - +0 cloak
rCorr   .            (no gloves)
SInv    .            (no boots)
Will    +++..        j - amulet of the acrobat Stlth
                     (no ring)
HPRegen 1.44/turn    (no ring)
MPRegen 0.12/turn

%: acrobat
@: berserking, strong-willed, regenerating, studying Fighting, very quick
A: horns 2, retaliatory headbutt
a: Renounce Religion, Berserk, Trog's Hand, Brothers in Arms


You were on level 10 of the Dungeon.
You worshipped Trog.
Trog was greatly pleased with you.
You visited 1 branch of the dungeon, and saw 10 of its levels.
You also visited: Bailey.

You collected 491 gold pieces.
You spent 180 gold pieces at shops.

Inventory:

Hand Weapons
 a - a +3 quarterstaff (weapon)
 b - a +0 arbalest of electrocution
Missiles
 d - 2 throwing nets (quivered)
 e - a javelin
 p - 10 boomerangs
Armour
 c - a +1 hat (worn)
 h - a +0 chain mail of willpower (worn)
 r - a +0 plate armour
 s - a +0 leather armour
 u - a +0 cloak (worn)
Jewellery
 j - an amulet of the acrobat (around neck)
 x - a ring of protection from cold
Wands
 k - a wand of flame (29)
 y - a wand of polymorph (5)
Scrolls
 l - 4 scrolls of noise
 o - 2 scrolls of vulnerability
 q - 2 scrolls of teleportation
 t - a scroll of silence
 D - a scroll of butterflies
Potions
 f - 3 potions of mutation
 g - 3 potions of attraction
 i - a potion of brilliance
 m - 2 potions of might
 n - a potion of ambrosia
 v - a potion of lignification
 w - 2 potions of magic
 z - a potion of berserk rage
 E - a potion of haste


   Skills:
 + Level 9.5 Fighting
 + Level 13.8 Staves
 + Level 6.0 Ranged Weapons
 + Level 2.4 Throwing
 + Level 9.7 Armour
 + Level 7.0 Dodging
 + Level 4.3 Stealth


You had 10 spell levels left.
You didn't know any spells.
Your spell library contained the following spells:

 Spells                   Type           Power      Damage    Failure   Level
 Cigotuvi's Dreadful Rot  Necr/Pois/Air  0%         N/A       98%         2
 Vhi's Electric Charge    Tloc/Air       0%         N/A       100%        3
 Dispel Undead            Necr           0%         3d6       100%        4
 Arcjolt                  Conj/Air       0%         1d10      100%        5
 Death Channel            Necr           0%         N/A       100%        6
 Plasma Beam              Fire/Air       0%         2x1d11    100%        6


Dungeon Overview and Level Annotations

Branches:
Dungeon (10/15)            Temple (0/1) D:5            Lair (0/5) D:8
 Bailey (visited)
    Orc: D:9-12

Altars:
Ashenzari
Cheibriados
Elyvilon
Trog
Uskayaw
Vehumet
Wu Jian
Xom
Yredelemnul
The Shining One

Shops:
D:4 ?   D:5 [


Innate Abilities, Weirdness & Mutations

You have a pair of horns on your head.
You reflexively headbutt those who attack you in melee.


Message History

The orc knight is moderately wounded.
The orc warrior misses you.
The orc knight hits you with a +0 glaive!
The orc knight closely misses you.
The orc knight roars a battlecry!
The orcs go into a battle-frenzy!
You hit the orc knight.
The orc knight is moderately wounded.
You bludgeon the orc knight!!
The orc knight is severely wounded.
You thump the orc knight!
The orc knight is almost dead.
The orc warrior hits you from afar with a +0 halberd!!
The orc knight hits you with a +0 glaive!!
The orc knight barely misses you.
The orc knight hits you but does no damage.
Welcome back to the Dungeon!
You feel a strong urge to attack something.
There is an empty arch of ancient stone here.
You sock the orc knight! Your headbutt misses the orc knight.
The orc knight is lightly wounded.
The orc knight roars a battlecry!
The orc knight goes into a battle-frenzy!
You barely miss the orc knight.
You headbutt the orc knight, but do no damage.
The orc knight is lightly wounded.
You hit the orc knight.
The orc knight is lightly wounded.
The orc knight hits you with a +0 glaive!!
* * * LOW HITPOINT WARNING * * *
The orc knight hits you with a +0 glaive!!
* * * LOW HITPOINT WARNING * * *
You closely miss the orc knight.
The orc knight is lightly wounded.
You bludgeon the orc knight!! You headbutt the orc knight.
The orc knight is heavily wounded.
You thump the orc knight!
The orc knight is severely wounded.
The orc knight hits you with a +0 glaive!!
You die...

................#
................# .
................# ..
................#...
........<...........
...........))~≈≈≈≈≈~
.............~#####
############.)#.oo#
#....~..@.#
#....~#...#
#....~##### #....~~
#....... #.......
########


You could see 2 orc knights.

Vanquished Creatures
  Erica (D:8)
  A two-headed ogre (D:9)
  A hornet (D:9)
  A vampire (D:9)
  A wyvern (D:9)
  2 steam dragons (D:8)
  2 water moccasins
  10 orc warriors
  6 ice beasts
  2 black bears
  A sky beast (D:7)
  4 ogres
  A centaur (D:8)
  A phantom (D:7)
  3 kobold brigands
  4 bullfrogs
  2 gnoll sergeants
  3 scorpions
  4 howler monkeys (D:9)
  4 electric eels
  A crimson imp (D:6)
  4 hounds
  4 orc priests
  2 jellies (D:6)
  3 sleepcaps
  2 gnoll boudas (D:8)
  3 iguanas
  7 orc wizards
  Robin (D:4)
  17 gnolls
  5 adders
  A white imp (D:7)
  4 ufetubi
  2 worms (D:3)
  2 dart slugs
  35 orcs
  6 bats
  7 endoplasms
  6 giant cockroaches
  19 goblins
  12 hobgoblins
  9 jackals
  4 quokkas
  3 ball pythons
  2 frilled lizards
  3 goblin skeletons (D:6)
  2 hobgoblin zombies (D:6)
  10 kobolds
  2 kobold skeletons (D:6)
  A kobold zombie (D:6)
  An orc skeleton (D:6)
  8 rats
242 creatures vanquished.

Notes
Turn   | Place    | Note
-------+----------+-------------------------------------------
     0 | D:1      | boopmooplesden the Minotaur Gladiator began the quest for
                  | the Orb.
     0 | D:1      | Reached XP level 1. HP: 18/18 MP: 0/0
   142 | D:1      | Reached skill level 4 in Staves
   234 | D:1      | Reached XP level 2. HP: 25/25 MP: 1/1
   712 | D:1      | Reached XP level 3. HP: 23/30 MP: 2/2
   810 | D:1      | Reached skill level 1 in Armour
  1589 | D:2      | Reached XP level 4. HP: 26/37 MP: 3/3
  1676 | D:2      | Found a faded altar of an unknown god.
  1773 | D:3      | Reached skill level 5 in Staves
  1808 | D:3      | Found a bloodstained altar of Trog.
  1816 | D:3      | Became a worshipper of Trog the Wrathful
  1992 | D:3      | Found a shimmering altar of Xom.
  2411 | D:3      | Reached XP level 5. HP: 45/45 MP: 4/4
  3206 | D:4      | Reached * piety under Trog
  3243 | D:4      | Reached skill level 6 in Staves
  3257 | D:4      | Noticed an ogre
  3263 | D:4      | Killed an ogre
  3264 | D:4      | Reached XP level 6. HP: 51/51 MP: 5/5
  3271 | D:4      | Found Pipe's Magic Scroll Boutique.
  3335 | D:4      | Reached skill level 1 in Stealth
  3420 | D:4      | Noticed Robin
  3431 | D:4      | Killed Robin
  3469 | D:4      | Found a hide-covered altar of Uskayaw.
  3691 | D:4      | Reached skill level 7 in Staves
  3902 | D:4      | Reached XP level 7. HP: 58/58 MP: 6/6
  3963 | D:5      | Entered Level 5 of the Dungeon
  4002 | D:5      | Reached ** piety under Trog
  4075 | D:5      | Found Sapot's Antique Armour Emporium.
  4199 | D:5      | Reached skill level 8 in Staves
  4610 | D:5      | Reached XP level 8. HP: 50/67 MP: 7/7
  4931 | D:5      | Found a staircase to the Ecumenical Temple.
  5070 | D:6      | Reached skill level 5 in Fighting
  5083 | D:6      | Reached skill level 9 in Staves
  5089 | D:6      | Reached skill level 5 in Dodging
  5280 | D:6      | Found a glowing golden altar of the Shining One.
  5524 | D:6      | Found an ornate altar of the Wu Jian Council.
  5619 | D:6      | Found a snail-covered altar of Cheibriados.
  5620 | D:6      | Found a white marble altar of Elyvilon.
  5882 | D:6      | Found a radiant altar of Vehumet.
  5913 | D:6      | Reached skill level 5 in Armour
  6132 | D:6      | Reached skill level 10 in Staves
  6264 | D:5      | Bought a shiny chain mail for 180 gold pieces
  6365 | D:7      | Found a broken altar of Ashenzari.
  6526 | D:7      | Reached *** piety under Trog
  6742 | D:7      | Reached XP level 9. HP: 75/75 MP: 8/8
  6830 | D:7      | Reached skill level 1 in Ranged Weapons
  7247 | D:7      | Found a basalt altar of Yredelemnul.
  7320 | D:8      | Noticed Erica
  7320 | D:8      | Found a staircase to the Lair.
  7438 | D:8      | Reached skill level 11 in Staves
  7534 | D:8      | Killed Erica
  7642 | D:8      | Reached **** piety under Trog
  7643 | D:8      | Reached XP level 10. HP: 80/86 MP: 9/9
  8249 | D:9      | Noticed a two-headed ogre
  8257 | D:9      | Killed a two-headed ogre
  8258 | D:9      | Reached skill level 12 in Staves
  8411 | D:9      | Paralysed by a hornet for 3 turns
  8682 | D:9      | Found a broken altar of Ashenzari.
  9793 | D:9      | Reached skill level 13 in Staves
  9793 | D:9      | Reached skill level 5 in Ranged Weapons
  9793 | D:9      | Reached XP level 11. HP: 97/97 MP: 10/10
  9816 | D:10     | Entered Level 10 of the Dungeon
  9840 | D:10     | Found a flagged portal.
  9846 | Bailey   | Entered a bailey
 10367 | Bailey   | Noticed an orc knight
 10367 | Bailey   | Noticed an orc knight
 10368 | Bailey   | Noticed an orc knight
 10382 | D:10     | Mangled by an orc knight

Illustrated notes

Levels and vault maps discovered:
D:1:      erik_arrival_cave_to_civilisation [erik_arrival_cave_to_hall],
          layout_basic, st_stairs_5
D:2:      layout_basic, hellmonk_ecumenical_altar_lost_god,
          supply_closet_lemuel, minmay_mini_jars
D:3:      layout_basic, mainiacjoe_overflow_surrounded_room, xom_butterflies,
          roderic_cross_of_infinity
D:4:      layout_loops_ring, eat_drink_and_be_merry_uskayaw, serial_shops,
          nicolae_diamond_shop, corexii_hall_statues_l, uniq_robin
D:5:      layout_loops_ring, minmay_temple_entry_fiery, serial_shops,
          shop_fountains
D:6:      layout_loops_cross, nicolae_wu_jian_wuxing_cycle, old_standard_altar,
          nicolae_overflow_squiral, nicolae_tso_besieged_by_evil
D:7:      layout_loops_ring, hangedman_feature_mirror
D:8:      layout_loops_cross, lair_entry_dummy, fountainhead, uniq_erica
D:9:      layout_cave_pools, evilmike_ruin_ashenzari, serial_bayou,
          serial_bayou_crossing, serial_bayou_pond_b, serial_bayou_shore_b,
          serial_bayou_pond_a, nicolae_nh_ransacked_shop
D:10:     layout_stronghold, enter_bailey_3, serial_shops,
          nicolae_shop_real_fake_doors, serial_park_tiny_pond

Skill      XL: |  1  2  3  4  5  6  7  8  9 10 11 |
---------------+----------------------------------+-----
Staves         | 4 5 6 7 8 10 11 13 | 13.8
Armour         | 1 2 3 4 5 7 9 |  9.7
Fighting       | 3 4 6 7 9 |  9.5
Dodging        | 4 5 7 |  7.0
Stealth        | 1 2 4 |  4.3
Ranged Weapons | 3 5 6 |  6.0
Throwing       | |  2.4

Action                     |  1- 3 |  4- 6 |  7- 9 | 10-12 || total
---------------------------+-------+-------+-------+-------++-------
  Melee: Quarterstaff      |    86 |   110 |   216 |   120 ||   532
         Headbutt          |    13 |    18 |    41 |    22 ||    94
   Fire: Arbalest          |       |       |    28 |    57 ||    85
  Throw: Throwing net      |       |     3 |       |       ||     3
 Invoke: Berserk           |       |       |     2 |     6 ||     8
         Trog's Hand       |       |       |       |     2 ||     2
    Use: Scroll            |       |       |    23 |     4 ||    27
         Potion            |       |       |     1 |     5 ||     6
   Stab: Sleeping          |       |     1 |     1 |       ||     2
         Held in net/web   |       |     1 |       |       ||     1
 Armour: Leather armour    |    37 |    18 |    25 |       ||    80
         Chain mail        |       |       |    38 |    60 ||    98
  Dodge: Dodged            |    84 |    66 |   128 |   155 ||   433
